 Dungeon Crawl Stone Soup version 0.30.1-11-g7821555f0a (webtiles) character file.

Game seed: 12061764212294857936

241793 McKennaii the Convoker (level 18, -7/104 (117) HPs)
             Began as a Demigod Conjurer on Jan 2, 2024.
             Mangled by a +4 triple sword of draining (11 damage)
             ... on level 2 of the Elven Halls on Jan 3, 2024.
             The game lasted 01:46:32 (52725 turns).

McKennaii the Convoker (Demigod Conjurer)          Turns: 52725, Time: 01:46:33

HP:   -7/104 (117)  AC: 19    Str: 26    XL:     18   Next: 2%
MP:   30/54         EV: 10    Int: 37    God:
Gold: 566           SH: 15    Dex: 12    Spells: 24/52 levels left

rFire   + + .        S - +5 war axe of the Hills {heavy, Fly rPois Str+7 Stlth-}
rCold   + + .        V - +5 Storm Queen's Shield {shock, Fly rElec}
rNeg    . . .        L - +4 acid dragon scales
rPois   +            k - +2 helmet {SInv}
rElec   +            i - scarf {rC+ rF+}
rCorr   +            s - +2 pair of gloves "Ciesaxef" {rC+ Str+3 Int-3}
SInv    +            H - +0 pair of boots
Will    ++...        Z - amulet of magic regeneration Stlth
                     l - ring of willpower
HPRegen 0.37/turn    Q - ring "Zuvezupp" {rF+ MP+9 Int+4}
MPRegen 0.74/turn

%: no passive effects
@: flying, very slightly contaminated, studying Ice Magic, heavily drained
A: high MP 1, forlorn, divine attributes
}: 2/15 runes: decaying, serpentine
a: no special abilities


You were on level 2 of the Elven Halls.
You visited 6 branches of the dungeon, and saw 30 of its levels.
You visited 2 bazaars.
You also visited: Ossuary and Ice Cave.

You collected 4639 gold pieces.
You spent 4073 gold pieces at shops.

Inventory:

Hand Weapons
 S - the +5 war axe of the Hills (weapon) {heavy, Fly rPois Str+7 Stlth-}
   (You found it on level 2 of the Snake Pit)

   Str:       It affects your strength (+7).
   rPois:     It protects you from poison.
   Fly:       It grants you flight.
   Stlth:     It makes you less stealthy.
 X - the +6 mace "Zifunagh" {drain, Will+}
   (You found it on level 4 of the Lair of Beasts)

   Will:      It increases your willpower.
Armour
 i - a scarf of resistance (worn)
 k - a +2 helmet of see invisible (worn)
 s - the +2 pair of gloves "Ciesaxef" (worn) {rC+ Str+3 Int-3}
   (You acquired it on level 1 of the Swamp)

   Str:       It affects your strength (+3).
   Int:       It affects your intelligence (-3).
   rC:        It protects you from cold.
 H - a +0 pair of boots (worn)
 L - +4 acid dragon scales (worn)
 R - a +1 cloak of willpower
 V - the +5 Storm Queen's Shield (worn) {shock, Fly rElec}
   (You found it on level 5 of the Lair of Beasts)

   Shock:     When it blocks an attack, it may electrocute the attacker.
   This works even against foes who are a short distance away.
   rElec:     It insulates you from electricity.
   Fly:       It grants you flight.
Magical Staves
 W - a staff of conjuration
Jewellery
 j - a ring of protection from cold
 l - a ring of willpower (left hand)
 q - a ring of resist corrosion
 w - a ring of protection from fire
 D - a ring of see invisible
 F - a ring of poison resistance
 Q - the ring "Zuvezupp" (right hand) {rF+ MP+9 Int+4}
   (You found it on level 4 of the Snake Pit)

   [ring of protection from fire]

   Int:       It affects your intelligence (+4).
   rF:        It protects you from fire.
   MP:        It affects your magic capacity (+9).
 Z - an amulet of magic regeneration (around neck)
Wands
 c - a wand of polymorph (8)
 r - a wand of flame (50)
 z - a wand of quicksilver (16)
 C - a wand of mindburst (1)
 E - a wand of paralysis (29)
 N - a wand of digging (11)
 P - a wand of roots (19)
Scrolls
 d - 8 scrolls of fog
 f - 10 scrolls of amnesia
 g - 11 scrolls of teleportation
 m - 4 scrolls of brand weapon
 o - 2 scrolls of vulnerability
 p - 7 scrolls of enchant weapon
 t - 7 scrolls of identify
 u - a scroll of enchant armour
 x - 2 scrolls of silence
 y - 5 scrolls of immolation
 K - 8 scrolls of poison
 M - 2 scrolls of magic mapping
 O - a scroll of fear
 U - 3 scrolls of summoning
Potions
 a - 6 potions of might
 b - 5 potions of magic
 e - 4 potions of flight
 h - 18 potions of curing
 n - 5 potions of invisibility
 v - 6 potions of attraction
 A - 6 potions of haste
 B - 4 potions of berserk rage
 G - 4 potions of mutation
 I - a potion of brilliance
 J - 6 potions of heal wounds
 T - 4 potions of ambrosia
 Y - 2 potions of cancellation


   Skills:
 - Level 6.0 Armour
 - Level 1.7 Dodging
 - Level 1.7 Stealth
 - Level 8.0 Shields
 + Level 17.6 Spellcasting
 - Level 15.0 Conjurations
 * Level 18.1 Summonings
 - Level 6.0 Air Magic


You had 24 spell levels left.
You knew the following spells:

 Your Spells              Type           Power      Damage    Failure   Level
a - Magic Dart            Conj           100%       1d8       0%          1
b - Searing Ray           Conj           100%       2d8       0%          2
c - Iskenderun's Mystic   Conj/Tloc      73%        2d15      1%          4
d - Stone Arrow           Conj/Erth      100%       3d13      1%          3
e - Orb of Destruction    Conj           48%        9d13      3%          7
g - Summon Hydra          Summ           52%        N/A       1%          7
w - Airstrike             Air            33%        2d(5-21)  1%          4

Your spell library contained the following spells:

 Spells                   Type           Power      Damage    Failure   Level
 Summon Small Mammal      Summ           100%       N/A       0%          1
 Call Canine Familiar     Summ           100%       N/A       0%          3
 Shock                    Conj/Air       100%       1d9       1%          1
 Static Discharge         Conj/Air       100%       2-7/arc   1%          2
 Dazzling Flash           Conj/Hex       100%       N/A       1%          3
 Swiftness                Air            67%        N/A       1%          3
 Animate Armour           Summ/Erth      100%       N/A       1%          4
 Flame Wave               Conj/Fire      73%        2d16      1%          4
 Fulminant Prism          Conj/Hex       36%        3d17      1%          4
 Sticky Flame             Conj/Fire      73%        2d9       1%          4
 Summon Lightning Spire   Summ/Air       89%        N/A       1%          4
 Iskenderun's Battlesphe  Conj           97%        2d14      1%          5
 Summon Forest            Summ/Tloc      39%        N/A       1%          5
 Apportation              Tloc           64%        N/A       2%          1
 Necrotise                Necr           100%       1d9       2%          1
 Sandblast                Erth           64%        2d14      2%          1
 Fireball                 Conj/Fire      36%        3d15      2%          5
 Irradiate                Conj/Tmut      36%        3d23      2%          5
 Lesser Beckoning         Tloc           64%        N/A       3%          2
 Passwall                 Tmut/Erth      26%        N/A       3%          2
 Sublimation of Blood     Necr           32%        N/A       3%          2
 Conjure Ball Lightning   Conj/Air       42%        3x3d15    4%          6
 Gell's Gravitas          Tloc           32%        N/A       6%          3
 Inner Flame              Hex/Fire       32%        N/A       6%          3
 Portal Projectile        Hex/Tloc       64%        N/A       6%          3
 Teleport Other           Tloc           32%        N/A       6%          3
 Volatile Blastmotes      Fire/Tloc      64%        2d15      6%          3
 Iron Shot                Conj/Erth      36%        9d7       16%         6
 Starburst                Conj/Fire      36%        6d11      16%         6
 Animate Dead             Necr           32%        N/A       22%         4
 Leda's Liquefaction      Hex/Erth       16%        N/A       22%         4
 Petrify                  Tmut/Erth      32%        N/A       22%         4
 Haunt                    Necr/Summ      39%        N/A       41%         7
 Alistair's Intoxication  Tmut/Pois      21%        N/A       52%         5
 Blade Hands              Tmut           16%        N/A       52%         5
 Borgnjor's Vile Clutch   Necr/Erth      16%        N/A       52%         5
 Lee's Rapid Deconstruct  Erth           16%        3d10*     52%         5
 Yara's Violent Unravell  Hex/Tmut       16%        3d8       52%         5
 Death Channel            Necr           16%        N/A       97%         6
 Dispersal                Tloc           16%        N/A       97%         6
 Eringya's Noxious Bog    Tmut/Pois      16%        N/A       97%         6
 Statue Form              Tmut/Erth      21%        N/A       97%         6
 Enfeeble                 Hex            16%        N/A       100%        7
 Infestation              Necr           16%        N/A       100%        8


Dungeon Overview and Level Annotations

Branches:
Dungeon (13/15)            Temple (0/1) D:6            Lair (5/5) D:10
  Swamp (4/4) Lair:2        Snake (4/4) Lair:2        Slime (0/5) Lair:5
    Orc (2/2) D:10            Elf (2/3) Orc:2       Ossuary (visited)
  IceCv (visited)
 Vaults: D:13-14

Shops:
D:12 =?   Orc:2 (::*   Elf:2 *[

Annotations:
Elf:1 1 runed translucent door


Innate Abilities, Weirdness & Mutations

You have an increased reservoir of magic. (+10% MP)
You shall have no god before yourself.
Your divine heritage dramatically boosts your attributes as you level up.


Message History

The +4 triple sword of draining barely misses you.
Unknown command.
Unknown command.
Casting: Summon Hydra (dangerous; 1% risk of failure)
Confirm with . or Enter, or press ? or * to list all spells.
Really blast near your 12-headed hydra?
Okay, then.
Unknown command.
Unknown command.
The +4 triple sword of draining attacks as you move away!
The +4 triple sword of draining hits you!!!
You feel drained.
Unknown command.
Casting: Iskenderun's Mystic Blast (mildly dangerous; 1% risk of failure)
Confirm with . or Enter, or press ? or * to list all spells.
Really blast near your 12-headed hydra?
You erupt in a blast of force!
The mystic blast hits your 12-headed hydra!
Your 12-headed hydra is moderately wounded.
The mystic blast hits the deep elf knight!
The deep elf knight is heavily wounded.
The deep elf knight is knocked back by the mystic blast.
The mystic blast hits the +4 triple sword of draining but does no damage.
The +4 triple sword of draining is moderately damaged.
Your 12-headed hydra disappears in a puff of smoke!
You block the +4 triple sword of draining's attack.
Your shield discharges, shocking the +4 triple sword of draining!
The +4 triple sword of draining completely resists.
A deep elf knight comes into view. It is wielding a +0 long sword.
Unknown command.
Unknown command.
Casting: Iskenderun's Mystic Blast (mildly dangerous; 1% risk of failure)
Confirm with . or Enter, or press ? or * to list all spells.
You miscast Iskenderun's Mystic Blast.
You are very lightly contaminated with residual magic.
Nothing appears to happen.
The +4 triple sword of draining hits you!!
* * * LOW HITPOINT WARNING * * *
You feel drained.
You die...

.........###..
....#...#..........#...#.
....#.....#........#.....#
....#.......#......#.......
...#.........#....#........
.....#..#...........#..#.........
......##......e......##..........
......##.............##..........
.....#..#.....§(@...#..#.....)...
....#....#.....§...#....#....)...
...#..§...#.......#......#.......
..#........#.....#...))...#)....#
.#.......e..#...#).....)...#...#.
#.....##.....###.....##.....###..
############## ############## ###


You could see 2 deep elf knights and a +4 triple sword of draining.

Vanquished Creatures
  Bai Suzhen (Snake:3)
  Nikola (Snake:1)
  A tentacled monstrosity (Swamp:3)
  An Ice Fiend (IceCv)
  Kirke (Lair:5)
  A thorn hunter (Swamp:3)
  5 nagarajas
  An azure jelly (Swamp:4)
  Roxanne (Swamp:3)
  An orc warlord (Orc:1)
  A deep elf demonologist (Elf:2)
  A deep elf annihilator (Elf:1)
  6 eleionomae
  6 bunyips
  Azrael (Orc:2)
  Erolcha (D:9)
  A salamander tyrant (Snake:4)
  2 ghost crabs
  3 ice dragons (Swamp:4)
  3 boulder beetles
  12 hydras
  4 anacondas
  Erica (Orc:1)
  13 dancing weapons
  5 death yaks
  2 catoblepae
  8 alligators
  5 two-headed ogres
  3 orc high priests
  13 naga warriors
  7 shock serpents
  9 hell knights (D:10)
  4 deep elf knights
  9 naga sharpshooters
  Sonja (Lair:3)
  4 salamander mystics
  3 skysharks
  2 goliath frogs
  3 naga ritualists
  4 swamp dragons
  2 bog bodies
  An obsidian statue (IceCv)
  Pikel (D:8)
  4 spriggan druids
  3 deep elf archers (Elf:2)
  2 orc knights
  A lindwurm (Lair:1)
  5 spriggan simulacra (IceCv)
  A necromancer (D:10)
  14 deep elf pyromancers
  7 orc sorcerers
  10 deep elf zephyrmancers
  18 salamanders
  5 mana vipers
  2 manticores
  An ugly thing (D:12)
  6 will-o-the-wisps
  29 black mambas
  5 elephants
  A guardian serpent (shapeshifter) (Elf:2)
  An ice statue (Snake:4)
  14 guardian serpents
  9 naga magi
  A gargoyle (D:10)
  13 cane toads
  A torpor snail (Lair:2)
  7 rime drakes
  Psyche (D:10)
  4 freezing wraiths (Swamp:4)
  11 komodo dragons
  7 ice devils (IceCv)
  2 golden dragon simulacra (IceCv)
  5 polar bears
  3 bloated husks
  4 trolls
  8 tyrant leeches
  7 hornets
  17 blink frogs
  A dream sheep (Lair:5)
  Prince Ribbit (D:8)
  9 slime creatures (D:12)
  A shadow (D:12)
  22 spriggans
  51 yaks
  A spriggan (shapeshifter) (Elf:2)
  A water elemental (Elf:2)
  4 wyverns
  A wraith (D:12)
  A dire elephant simulacrum (IceCv)
  7 basilisks
  7 fire elementals
  2 hogs (Lair:5)
  The ghost of tykejmi the Ruffian, an amateur DrTm (D:3)
  10 minotaur simulacra (IceCv)
  18 vampire mosquitoes
  5 swamp worm simulacra (Swamp:4)
  12 swamp worms
  32 nagas
  3 wargs
  A harpy simulacrum (IceCv)
  2 acid dragons
  14 hydra simulacra (Swamp:4)
  A nameless horror (Snake:3)
  A swamp drake (Swamp:1)
  12 water moccasins
  An alligator simulacrum (IceCv)
  10 hell hounds
  9 black bears
  6 ice beasts
  21 orc warriors
  A sky beast (D:7)
  8 ogres
  4 boggarts (Lair:5)
  7 centaurs
  40 wolves
  3 lemures (D:8)
  A phantom (D:4)
  An elf zombie (Ossuary)
  A kobold brigand (D:9)
  20 bullfrogs
  6 deep troll simulacra (IceCv)
  A gnoll sergeant (D:8)
  4 scorpions
  5 wights (D:8)
  7 killer bees
  3 lindwurm simulacra (IceCv)
  A troll zombie (Ossuary)
  2 howler monkeys
  An electric eel (Lair:2)
  5 hounds
  2 centaur zombies (Ossuary)
  2 gnoll boudas
  4 jellies
  21 orc priests
  4 sleepcaps
  3 iguanas (D:6)
  29 orc wizards
  5 hell rats (Lair:3)
  2 ogre zombies (Ossuary)
  7 mummies (Ossuary)
  Robin (D:2)
  5 adders
  20 gnolls
  A white imp (D:7)
  3 ufetubi
  3 swamp drake simulacra (Swamp:4)
  3 adder zombies (Ossuary)
  3 worms
  3 dart slugs
  65 orcs
  8 bats
  16 endoplasms
  13 goblins
  9 hobgoblins
  2 jackals
  3 quokkas
  12 ball pythons
  4 frilled lizards
  3 goblin zombies (Ossuary)
  5 hobgoblin zombies (Ossuary)
  12 kobolds
  5 kobold zombies (Ossuary)
  2 orc zombies (Ossuary)
  2 quokka zombies (Ossuary)
  5 rats
  4 rat zombies (Ossuary)
1064 creatures vanquished.

Vanquished Creatures (collateral kills)
  A nagaraja (Snake:4)
  A deep elf sorcerer (Elf:1)
  A deep elf annihilator (Elf:1)
  A deep elf high priest (Elf:1)
  4 salamander tyrants
  A caustic shrike simulacrum (IceCv)
  6 dancing weapons
  5 naga warriors
  5 naga sharpshooters
  3 deep elf knights
  A salamander mystic (Snake:4)
  A spriggan simulacrum (IceCv)
  3 deep elf archers
  6 deep elf pyromancers
  8 deep elf zephyrmancers
  4 salamanders (Snake:4)
  A nameless horror (Snake:4)
  A black mamba (Snake:4)
  4 guardian serpents
  A freezing wraith (IceCv)
  2 ice devils (IceCv)
  5 nagas
  2 deep troll simulacra (IceCv)
  A lindwurm simulacrum (IceCv)
68 creatures vanquished.

Vanquished Creatures (others)
  A salamander (Snake:1)
  A bloated husk (Swamp:4)
  An air elemental (Elf:2)
  A swamp worm (Swamp:4)
  33 foxfires
37 creatures vanquished.

Grand Total: 1169 creatures vanquished

Notes
Turn   | Place    | Note
-------+----------+-------------------------------------------
     0 | D:1      | McKennaii the Demigod Conjurer began the quest for the Orb.
     0 | D:1      | Reached XP level 1. HP: 14/14 MP: 5/5
   480 | D:1      | Reached XP level 2. HP: 20/20 MP: 4/7
   845 | D:1      | Reached XP level 3. HP: 26/26 MP: 4/9
   848 | D:1      | Learned a level 2 spell: Searing Ray
  1558 | D:2      | Noticed Robin
  1658 | D:2      | Killed Robin
  1749 | D:2      | Reached XP level 4. HP: 29/33 MP: 1/11
  1984 | D:2      | Learned a level 4 spell: Iskenderun's Mystic Blast
  2297 | D:3      | Reached skill level 5 in Conjurations
  2297 | D:3      | Reached XP level 5. HP: 24/38 MP: 0/13
  2497 | D:3      | Found a transporter.
  2505 | D:3      | Noticed tykejmi's ghost (amateur DrTm)
  2520 | D:3      | Found a transporter.
  3108 | D:4      | Noticed an ogre
  3410 | D:4      | Killed an ogre
  3411 | D:4      | Reached XP level 6. HP: 45/45 MP: 7/15
  4131 | D:5      | Entered Level 5 of the Dungeon
  4321 | D:5      | Reached XP level 7. HP: 37/50 MP: 9/17
  4489 | D:5      | Reached skill level 5 in Spellcasting
  5651 | D:6      | Reached XP level 8. HP: 48/57 MP: 13/20
  6637 | D:6      | Found a staircase to the Ecumenical Temple.
  7273 | D:3      | Killed tykejmi's ghost
  7816 | D:7      | Reached XP level 9. HP: 62/62 MP: 18/24
  8723 | D:8      | Noticed Prince Ribbit
  8731 | D:8      | Killed Prince Ribbit
  8976 | D:8      | Learned a level 3 spell: Stone Arrow
  9019 | D:8      | Noticed Pikel
  9037 | D:8      | Killed Pikel
  9038 | D:8      | Reached skill level 10 in Conjurations
  9142 | D:8      | Found a sand-covered staircase.
  9151 | Ossuary  | Entered an ossuary
 10930 | D:9      | You fall into a shaft and drop 3 floors!
 11053 | D:12     | Reached XP level 10. HP: 69/69 MP: 12/27
 11302 | D:11     | Noticed a two-headed ogre
 11305 | D:11     | Killed a two-headed ogre
 11307 | D:11     | Noticed a boulder beetle
 11472 | D:10     | Entered Level 10 of the Dungeon
 11879 | D:9      | Noticed Erolcha
 11888 | D:9      | Killed Erolcha
 11889 | D:9      | Reached skill level 10 in Spellcasting
 12872 | D:10     | Noticed Psyche
 12892 | D:10     | Noticed a two-headed ogre
 12894 | D:10     | Killed Psyche
 12903 | D:10     | Killed a two-headed ogre
 13102 | D:10     | Found a staircase to the Orcish Mines.
 13239 | D:10     | Reached XP level 11. HP: 43/74 MP: 3/30
 13402 | D:10     | Found a staircase to the Lair.
 13491 | D:10     | Noticed a hell knight
 14066 | D:10     | Killed a hell knight
 14176 | D:10     | Noticed a hell knight
 14177 | D:10     | Noticed a hell knight
 14177 | D:10     | Noticed a necromancer
 14182 | D:10     | Killed a hell knight
 14271 | D:10     | Noticed a hell knight
 14272 | D:10     | Noticed a hell knight
 14276 | D:10     | Killed a hell knight
 14291 | D:10     | Killed a hell knight
 14431 | D:10     | Noticed a hell knight
 14434 | D:10     | Noticed a hell knight
 14436 | D:10     | Killed a hell knight
 14439 | D:10     | Noticed a hell knight
 14566 | D:10     | Killed a hell knight
 14569 | D:10     | Killed a necromancer
 14697 | D:10     | Killed a hell knight
 14860 | D:10     | Killed a hell knight
 14953 | D:10     | Noticed a hell knight
 14959 | D:10     | Killed a hell knight
 15418 | D:11     | Noticed a two-headed ogre
 15424 | D:11     | Killed a two-headed ogre
 15425 | D:11     | Reached skill level 1 in Armour
 15499 | D:11     | Killed a boulder beetle
 15500 | D:11     | Reached XP level 12. HP: 81/81 MP: 20/33
 16054 | D:12     | Found Koplasabb's Jewellery Shop.
 16312 | D:12     | Found Ujeam's Armour Shoppe.
 16661 | D:12     | Found Hoverir's Magic Scroll Boutique.
 16666 | D:12     | Bought a scroll of summoning for 161 gold pieces
 16666 | D:12     | Bought a scroll of enchant armour for 127 gold pieces
 17482 | D:13     | Noticed a centaur warrior
 17544 | Lair:1   | Entered Level 1 of the Lair of Beasts
 18675 | Lair:1   | Reached skill level 5 in Armour
 19120 | Lair:1   | Noticed a seven-headed hydra
 19138 | Lair:1   | Killed a seven-headed hydra
 19420 | Lair:1   | Learned a level 7 spell: Summon Hydra
 20015 | Lair:2   | Reached XP level 13. HP: 86/86 MP: 28/35
 20513 | Lair:2   | Reached skill level 1 in Summonings
 20739 | Lair:2   | Reached skill level 2 in Summonings
 20876 | Lair:2   | Found a staircase to the Swamp.
 21182 | Lair:2   | Reached skill level 3 in Summonings
 21327 | Lair:2   | Reached skill level 15 in Conjurations
 21702 | Lair:2   | Reached skill level 4 in Summonings
 22294 | Lair:2   | Found a staircase to the Snake Pit.
 22599 | Lair:3   | Reached skill level 5 in Summonings
 22779 | Lair:3   | Noticed Sonja
 22906 | Lair:3   | Killed Sonja
 23216 | Lair:3   | Reached skill level 6 in Summonings
 24655 | Lair:4   | Reached skill level 7 in Summonings
 24733 | Lair:4   | Identified the +6 mace "Zifunagh" {drain, Will+}
 25688 | Lair:5   | Entered Level 5 of the Lair of Beasts
 25858 | Lair:5   | Reached XP level 14. HP: 82/93 MP: 13/37
 25860 | Lair:5   | Reached skill level 8 in Summonings
 26463 | Lair:5   | Found a staircase to the Slime Pits.
 26926 | Lair:5   | Reached skill level 9 in Summonings
 27188 | Lair:5   | Identified the +6 whip "Qogiafit" {freeze, rElec rC+ rN+}
 27772 | Lair:5   | Noticed Kirke
 27787 | Lair:5   | Killed Kirke
 27959 | Lair:5   | Reached skill level 10 in Summonings
 28660 | Lair:5   | Found the +5 Storm Queen's Shield {shock, Fly rElec}
 29226 | Orc:1    | Entered Level 1 of the Orcish Mines
 29420 | Orc:1    | Found a transporter.
 29677 | Orc:1    | Noticed Erica
 29765 | Orc:1    | Killed Erica
 29766 | Orc:1    | Reached skill level 1 in Shields
 30564 | Orc:1    | Found a transporter.
 30570 | Orc:1    | Noticed an orc warlord
 30652 | Orc:2    | Entered Level 2 of the Orcish Mines
 30924 | Orc:2    | Found a staircase to the Elven Halls.
 31095 | Orc:2    | Noticed Azrael
 31232 | Orc:2    | Reached skill level 15 in Spellcasting
 31233 | Orc:2    | Reached skill level 11 in Summonings
 31334 | Orc:2    | Killed Azrael
 32073 | Orc:2    | Found Elepliu's Book Shop.
 32073 | Orc:2    | Found Quash's Assorted Antiques.
 32074 | Orc:2    | Found Cuxiefahe's Book Boutique.
 32078 | Orc:2    | Found Kiluarru's Weapon Shop.
 32081 | Orc:2    | Bought a book of Iron for 432 gold pieces
 32081 | Orc:2    | Bought a book of the Spheres for 648 gold pieces
 32082 | Orc:2    | Bought a puce potion for 31 gold pieces
 32082 | Orc:2    | Bought a scroll of teleportation for 105 gold pieces
 32082 | Orc:2    | Bought a scroll of teleportation for 105 gold pieces
 32082 | Orc:2    | Bought a potion of mutation for 280 gold pieces
 32354 | Orc:1    | Learned a level 7 spell: Orb of Destruction
 32658 | Orc:1    | Killed an orc warlord
 32822 | Orc:1    | Identified 3 scrolls of acquirement
 32875 | Orc:1    | Acquired an amulet of magic regeneration
 33001 | Snake:1  | Entered Level 1 of the Snake Pit
 33100 | Lair:2   | Reached XP level 15. HP: 31/99 MP: 7/39
 34769 | Swamp:1  | Entered Level 1 of the Swamp
 35028 | Swamp:1  | Reached skill level 12 in Summonings
 35713 | Swamp:1  | Acquired 792 gold pieces
 35715 | Swamp:1  | Acquired the +2 pair of gloves "Ciesaxef" {rC+ Str+3 Int-3}
 36320 | Swamp:2  | Reached skill level 5 in Shields
 37335 | Swamp:3  | Reached skill level 13 in Summonings
 37486 | Swamp:3  | Noticed Roxanne
 37488 | Swamp:3  | Noticed a thorn hunter
 37501 | Swamp:3  | Killed a thorn hunter
 37979 | Swamp:3  | Killed Roxanne
 38051 | Swamp:3  | Noticed a tentacled monstrosity
 38076 | Swamp:3  | Killed a tentacled monstrosity
 38152 | Swamp:4  | Entered Level 4 of the Swamp
 39415 | Swamp:4  | Noticed an azure jelly
 39420 | Swamp:4  | Killed an azure jelly
 39646 | Swamp:4  | Reached skill level 14 in Summonings
 39685 | Swamp:4  | Reached XP level 16. HP: 105/105 MP: 33/41
 40192 | Swamp:4  | Got a decaying rune of Zot
 40683 | Snake:1  | You are sucked into a shaft and drop 1 floor!
 40811 | Snake:2  | Identified the +5 war axe of the Hills {heavy, Fly rPois
                  | Str+7 Stlth-}
 42425 | Snake:1  | Noticed Nikola
 42657 | Snake:1  | Killed Nikola
 43170 | Snake:3  | Reached skill level 15 in Summonings
 43731 | Snake:3  | Noticed Bai Suzhen
 44029 | Snake:3  | Killed Bai Suzhen
 44612 | Snake:3  | Learned a level 4 spell: Airstrike
 44785 | Snake:4  | Entered Level 4 of the Snake Pit
 44976 | Snake:4  | Found a frozen archway.
 44983 | Snake:4  | Reached skill level 1 in Air Magic
 45035 | IceCv    | Entered an ice cave
 45872 | IceCv    | Noticed an Ice Fiend
 45880 | IceCv    | Killed an Ice Fiend
 46550 | Snake:4  | Reached skill level 16 in Summonings
 46709 | Snake:4  | Reached XP level 17. HP: 45/111 MP: 22/43
 47625 | Snake:4  | Identified the ring "Zuvezupp" {rF+ MP+9 Int+4}
 48796 | Snake:4  | Got a serpentine rune of Zot
 49311 | Elf:1    | Entered Level 1 of the Elven Halls
 49311 | Elf:1    | Found a runed translucent gate.
 49311 | Elf:1    | Found a runed translucent gate.
 49311 | Elf:1    | Found a runed translucent gate.
 49311 | Elf:1    | Found a runed translucent gate.
 49311 | Elf:1    | Found a runed translucent gate.
 49311 | Elf:1    | Found a runed translucent gate.
 49315 | Elf:1    | Found a runed translucent door.
 49321 | Elf:1    | Reached skill level 5 in Air Magic
 49322 | Elf:1    | Found a runed translucent door.
 49329 | Elf:1    | Reached skill level 17 in Summonings
 50039 | Elf:1    | Found a flickering gateway to a bazaar.
 50059 | Bazaar   | Entered a bazaar
 50082 | Bazaar   | Found Egynucos's Jewellery Shop.
 50095 | Bazaar   | Found Ynuof's Antique Weapon Boutique.
 50123 | Bazaar   | Found Meodav's Book Shop.
 50123 | Bazaar   | Found Axacva's Antique Armour Boutique.
 50146 | Bazaar   | Bought an ancient plate armour for 952 gold pieces
 50146 | Bazaar   | Identified the +4 plate armour "Heecs" {+Inv rC++} (You
                  | bought it in a shop in a bazaar)
 50146 | Bazaar   | Bought a shiny helmet for 255 gold pieces
 50146 | Bazaar   | Bought an embroidered cloak for 255 gold pieces
 50363 | Elf:1    | You are sucked into a shaft and drop 1 floor!
 50366 | Elf:2    | Found Kanob's General Store.
 50556 | Elf:2    | HP: 3/111 [deep elf archer/arrow (21)]
 51055 | Elf:1    | HP: 4/111 [deep elf zephyrmancer/bolt of lightning (11)]
 51266 | Elf:2    | Found a flickering gateway to a bazaar.
 51322 | Elf:2    | Paralysed by an air elemental for 1 turns
 51348 | Bazaar   | Entered a bazaar
 51352 | Bazaar   | Found Ulukob's Antique Weapon Boutique.
 51377 | Bazaar   | Found Keutteoch's General Store.
 51388 | Bazaar   | Found Sixkoeh's Antique Weapon Emporium.
 51456 | Bazaar   | Found Itasuqe's General Store.
 51461 | Bazaar   | Bought a scroll of teleportation for 36 gold pieces
 51461 | Bazaar   | Bought a scroll of summoning for 114 gold pieces
 51500 | Bazaar   | Found Pofor's Distillery.
 51505 | Bazaar   | Bought a potion of heal wounds for 65 gold pieces
 51505 | Bazaar   | Bought a potion of haste for 130 gold pieces
 51505 | Bazaar   | Bought a potion of curing for 39 gold pieces
 51505 | Bazaar   | Bought 2 potions of heal wounds for 130 gold pieces
 51505 | Bazaar   | Bought a potion of ambrosia for 104 gold pieces
 51505 | Bazaar   | Bought a potion of invisibility for 104 gold pieces
 51808 | Elf:2    | Found Xycyduvuen's Armour Emporium.
 52016 | Elf:2    | Found a runed translucent gate.
 52027 | Elf:2    | Found a runed translucent gate.
 52028 | Elf:2    | Found a runed translucent gate.
 52408 | Elf:2    | Reached skill level 18 in Summonings
 52513 | Elf:2    | Reached XP level 18. HP: 82/117 MP: 14/45
 52725 | Elf:2    | HP: 4/110 [+4 triple sword of draining (31)]
 52725 | Elf:2    | Mangled by a +4 triple sword of draining

Illustrated notes

Levels and vault maps discovered:
D:1:      minmay_arrival_widening_spiral_narrow, layout_rooms,
          hellmonk_ecumenical_altar_inner_sanctum
D:2:      layout_basic, uniq_robin
D:3:      layout_basic, mainiacjoe_overflow_small_starburst,
          gammafunk_ghost_arena, minmay_misc_feat_five
D:4:      layout_gridville, led_sif_pool, kennysheep_generic_room_9
D:5:      layout_gridville, nicolae_dithmenos_the_darkroom
D:6:      nicolae_cairo_tiling_very_big, layout_loops_cross,
          kennysheep_mini_moat, worldfamousw_hep_ancestral_shrine, temple_green,
          minmay_pentangle
D:7:      layout_loops_ring, mainiacjoe_overflow_alcove_2, amcnicky_altar_gilded
D:8:      layout_basic, nicolae_ashenzari_skybound, nicolae_ossuary_entry_ruins,
          uniq_prince_ribbit1, uniq_pikel
D:9:      layout_stronghold, slow_altar_1, gammafunk_temple_overflow_claw,
          uniq_erolcha
D:10:     layout_cave_pools, hellmonk_lair_entry_icy, orc_0_dummy,
          minmay_rotating_lava, uniq_psyche
D:11:     layout_basic, minivault_16
D:12:     layout_loops_ring, serial_shops, nicolae_shop_advertising_works
          [nicolae_subvault_shop_adworks], nicolae_shop_back_alley_shop, shop,
          eino_tiny_chamber
D:13:     layout_irregular_city, serial_shops, nicolae_shop_crystal,
          trog_butcher_becter, uniq_frances
Lair:1:   layout_regular_city, basic_altar, nzn_random_ring,
          infiniplex_staircase_pool_2, lemuel_fruit_fields
Lair:2:   nzn_winding_woodlands_cross [nzn_winding_woodlands_5x15_sidewinder,
          nzn_winding_woodlands_5x15_pockets,
          nzn_winding_woodlands_5x15_sawtooth,
          nzn_winding_woodlands_5x15_zeroes,
          nzn_winding_woodlands_15x15_killbox], layout_cave_shapes, swamp_mist,
          minmay_snake_entry_guardpost_small, hibernation_bobbens,
          serial_bayou_shore_a
Lair:3:   layout_gridlike, beast_lair_carwin_4, uniq_sonja
Lair:4:   layout_roguey
Lair:5:   minmay_lair_end_enchanted_forest, layout_cellular_growth,
          nicolae_slime_entry_slimehenge, uniq_kirke
Swamp:1:  layout_basic_swamp, nicolae_swamp_godswood
Swamp:2:  layout_falls_marsh, serial_swamp_ruin, evilmike_swamp_ruin_house_5,
          evilmike_swamp_ruin_rubble_2, evilmike_swamp_ruin_house_1,
          infiniplex_staircase_pool
Swamp:3:  cheibrodos_swamp_monstrosity, layout_basic_swamp,
          evilmike_swamp_ruin_rubble_1, swamp_pool2,
          nicolae_swamp_frolicking_bunyips, uniq_roxanne
Swamp:4:  swamp_icy, layout_basic_swamp
Snake:1:  layout_rooms, grunt_megastairs_5, uniq_nikola
Snake:2:  layout_honeycomb
Snake:3:  layout_rooms, basic_altar, uniq_bai_suzhen
Snake:4:  snake_hunt, layout_cave_town, portal_ice_cave_entry_ice_statue_one,
          basic_altar, grunt_ministairs_5
Orc:1:    gammafunk_beogh_shrine, layout_diamond_mine, bh_open_orc_temple,
          uniq_erica
Orc:2:    st_orc_mages, layout_caves, basic_altar, uniq_azrael
Elf:1:    nicolae_elf_arrival_dilemma, layout_rooms, serial_shops,
          bzr_entry_islet, minmay_elf_demonology
Elf:2:    nicolae_elf_blades_splatter_lattice
          [nicolae_blade_entry_diamond_columns], layout_rooms, serial_shops,
          bzr_entry_dummy, shop, shop_fountains

Skill      XL: |  1  2  3  4  5  6  7  8  9 10 11 12 13 14 15 16 17 |
---------------+----------------------------------------------------+-----
Spellcasting   | 2 3 4 6 7 9 10 12 13 14 15 16 17 | 17.6
Conjurations   | 4 5 6 7 8 10 12 13 14 15 | 15.0
Armour         | 1 5 6 |  6.0
Summonings     | 7 11 14 16 18 | 18.1
Shields        | 3 6 8 |  8.0
Air Magic      | 3 6 |  6.0
Dodging        | |  1.7
Stealth        | |  1.7

Action                     |  1- 3 |  4- 6 |  7- 9 | 10-12 | 13-15 | 16-18 || total
---------------------------+-------+-------+-------+-------+-------+-------++-------
  Melee: Dagger            |       |     2 |     6 |       |       |       ||     8
         Punch             |       |       |     1 |       |     1 |       ||     2
         Rapier            |       |       |     8 |    13 |       |       ||    21
         Demon trident     |       |       |       |    22 |     7 |       ||    29
         Mace              |       |       |       |       |    22 |       ||    22
         Whip              |       |       |       |       |    43 |       ||    43
         War axe           |       |       |       |       |       |    25 ||    25
   Cast: Magic Dart        |    77 |    75 |   158 |       |       |       ||   310
         Searing Ray       |     5 |    18 |    49 |     9 |    22 |       ||   103
         Iskenderun's Myst |       |     1 |     5 |    41 |   178 |    93 ||   318
         Stone Arrow       |       |       |    69 |   331 |   692 |   515 ||  1607
         Orb of Destructio |       |       |       |       |    91 |    81 ||   172
         Summon Hydra      |       |       |       |       |       |    84 ||    84
         Airstrike         |       |       |       |       |       |    39 ||    39
  Evoke: Wand              |       |       |       |     3 |    11 |     2 ||    16
    Use: Scroll            |       |       |    18 |     4 |    18 |     6 ||    46
         Potion            |       |       |       |     4 |     1 |     6 ||    11
   Stab: Paralysed         |       |       |       |     2 |     4 |       ||     6
 Armour: Robe              |     5 |    13 |    24 |     8 |       |       ||    50
         Acid dragon scale |       |       |       |    42 |   181 |   112 ||   335
  Dodge: Dodged            |    15 |    50 |    75 |   100 |   194 |   131 ||   565
  Block: Kite shield       |       |       |       |       |   141 |   276 ||   417
